 Dungeon Crawl Stone Soup version 0.25-a0-167-g836c352ace (webtiles) character file.

Game seed: 13980409821169851432, levelgen mode: deterministic

3117 D1HalberdGnoll the Spear-Bearer (level 9, -17/72 HPs)
             Began as a Merfolk Skald on Nov 25, 2019.
             Was a Priest of Okawaru.
             Demolished by a death yak (22 damage)
             ... on level 7 of the Dungeon.
             The game lasted 00:17:29 (11830 turns).

D1HalberdGnoll the Spear-Bearer (Merfolk Skald)    Turns: 11830, Time: 00:17:29

Health: -17/72     AC: 10    Str: 15    XL:     9   Next: 91%
Magic:  11/16      EV: 17    Int: 12    God:    Okawaru [***...]
Gold:   424        SH:  0    Dex: 13    Spells: 17/18 levels left

rFire    . . .     SeeInvis .   c - +2 dagger (venom)
rCold    . . .     Gourm    .   (no shield)
rNeg     . . .     Faith    .   l - +1 ring mail
rPois    .         Spirit   .   m - +0 helmet
rElec    .         Reflect  .   y - +0 cloak
rCorr    .         Harm     .   v - +0 pair of gloves
MR       .....                  (no boots)
Stlth    ++........             (no amulet)
HPRegen  0.22/turn              (no ring)
MPRegen  0.15/turn              (no ring)

@: heroism, infused (expiring), drained
A: change form in water, swift swim, stealthy swim
a: Heroism, Renounce Religion


You were on level 7 of the Dungeon.
You worshipped Okawaru.
Okawaru was most pleased with you.
You were not hungry.

You visited 2 branches of the dungeon, and saw 9 of its levels.

You collected 424 gold pieces.

Inventory:

Hand Weapons
 a - a +1 spear
 c - a +2 dagger of venom (weapon)
Missiles
 n - 21 poisoned darts (quivered)
 x - 15 atropa-tipped darts
Armour
 l - a +1 ring mail (worn)
 m - a +0 helmet (worn)
 p - the cursed +0 robe "Xiovuv" {Int+5}
   (You took it off a centaur on level 6 of the Dungeon)

   It affects your intelligence (+5).
   It has a curse placed upon it.
 v - a +0 pair of gloves (worn)
 y - a +0 cloak (worn)
Wands
 u - a wand of random effects (7)
 C - a wand of iceblast (7)
Scrolls
 b - 2 scrolls of magic mapping
 g - 3 scrolls of enchant armour
 h - 8 scrolls of identify
 i - 5 scrolls of teleportation
 q - 3 scrolls of remove curse
 s - a scroll of amnesia
 B - a scroll of fog
Potions
 e - a potion of agility
 f - a potion of degeneration {unknown}
 j - a potion of ambrosia {unknown}
 k - a potion of mutation {unknown}
 o - a potion of might {unknown}
 r - 2 potions of curing
 t - a potion of lignification {unknown}
 w - 3 potions of magic
 z - a potion of brilliance
 A - 2 potions of flight {unknown}
Comestibles
 d - 10 rations
 D - 6 chunks of flesh


   Skills:
 + Level 7.3(11.5) Fighting
 * Level 12.9(16.9) Polearms
 - Level 0.6(4.8) Armour
 + Level 7.7(11.8) Dodging
 - Level 5.0(4.3) Spellcasting
 - Level 3.2(2.6) Charms


You had 17 spell levels left.
You knew the following spells:

 Your Spells              Type           Power        Failure   Level  Hunger
a - Infusion              Chrm           #...         14%         1    None

Your spell library contained the following spells:

 Spells                   Type           Power        Failure   Level  Hunger
 Song of Slaying          Chrm           #.......     21%         2    ##.....
 Shroud of Golubria       Chrm/Tloc      #.....       34%         2    ##.....
 Magic Dart               Conj           #...         38%         1    None
 Blink                    Tloc           N/A          52%         2    ##.....
 Call Imp                 Summ           #.......     52%         2    ##.....
 Slow                     Hex            #.......     52%         2    ##.....
 Regeneration             Chrm/Necr      #.........   56%         3    ###....
 Spectral Weapon          Hex/Chrm       #.......     56%         3    ###....
 Conjure Flame            Conj/Fire      #.......     77%         3    ###....
 Mephitic Cloud           Conj/Pois/Air  #.......     77%         3    ###....


Dungeon Overview and Level Annotations

Branches:
Dungeon (8/15)             Temple (1/1) D:4
   Lair: D:8-11

Altars:
Ashenzari
Cheibriados
Dithmenos
Elyvilon
Fedhas
Hepliaklqana
Kikubaaqudgha
Makhleb
Okawaru
Qazlal
Ru
Sif Muna
Trog
Uskayaw
Vehumet
Wu Jian
Xom
Yredelemnul
Zin
The Shining One

Shops:
D:6 (   D:7 }

Annotations:
D:5 1 runed translucent door, anet's ghost, novice GnWr


Message History

* * * LOW HITPOINT WARNING * * *
You hit the death yak.
The death yak looks as sick as possible!
The death yak is lightly wounded.
The death yak closely misses you.
Your magical infusion is running out.
Evoke which item? (* to show all) (? for menu, Esc to quit)
Okay, then.
Okay, then.
You gain the combat prowess of a mighty hero.
The death yak completely misses you.
You hit the death yak but do no damage.
The death yak looks as sick as possible!
The death yak is lightly wounded.
The death yak gores you!!
* * * LOW HITPOINT WARNING * * *
You hit the death yak but do no damage.
The death yak is lightly wounded.
The death yak gores you!!
You die...

#.# #.# # #.# # #.#
# ##############.#
# #.รท............#
# #>#####.####.###
# #Y# #.####.# #
#@# #....#?# # #.#
#.##.#.# #
##.#####.##.#.#####
#..................
#.....##.##.#.#####
#........##.#.#####
#.....#####.#......
#......## #.#######
###.....###.# ##


You could see a death yak.

Vanquished Creatures
  Prince Ribbit (D:5)
  A hungry ghost (D:7)
  An ice beast (D:6)
  An orc warrior (D:5)
  A sky beast (D:7)
  A phantom (D:8)
  4 ogres
  5 centaurs
  4 bullfrogs
  A scorpion (D:4)
  9 wights
  A howler monkey (D:4)
  3 crimson imps
  A bullfrog zombie (D:5)
  A centaur zombie (D:6)
  A hound (D:4)
  5 orc wizards (D:6)
  4 orc priests
  A bullfrog skeleton (D:5)
  2 centaur skeletons
  5 worker ants
  6 gnolls
  15 adders
  A howler monkey skeleton (D:4)
  An ooze (D:2)
  2 worms (D:2)
  A dart slug (D:1)
  3 leopard geckos
  18 orcs
  9 giant cockroaches
  6 hobgoblins
  17 jackals
  4 quokkas
  A ball python (D:1)
  8 bats
  3 frilled lizards (D:2)
  7 goblins
  A kobold (D:1)
  A leopard gecko skeleton (D:7)
  A quokka skeleton (D:4)
  A quokka zombie (D:5)
  3 rats
162 creatures vanquished.

Notes
Turn   | Place    | Note
-------+----------+-------------------------------------------
     0 | D:1      | D1HalberdGnoll the Merfolk Skald began the quest for the
                  | Orb.
     0 | D:1      | Reached XP level 1. HP: 16/16 MP: 3/3
     3 | D:1      | Noticed a dwarf
     5 | D:1      | Noticed a human
     5 | D:1      | Noticed a troll
     7 | D:1      | Noticed a centaur
     7 | D:1      | Noticed a merfolk
     9 | D:1      | Noticed a vampire
    11 | D:1      | Noticed a vine stalker
    13 | D:1      | Noticed an octopode
    13 | D:1      | Noticed a gargoyle
    15 | D:1      | Noticed a demigod
    15 | D:1      | Noticed a demonspawn
    17 | D:1      | Noticed a felid
    17 | D:1      | Noticed a tengu
    19 | D:1      | Noticed a ghoul
    21 | D:1      | Noticed a spriggan
    21 | D:1      | Noticed a minotaur
    23 | D:1      | Noticed a naga
    23 | D:1      | Noticed a formicid
    26 | D:1      | Noticed a draconian
    26 | D:1      | Noticed an elf
    29 | D:1      | Noticed an ogre
    29 | D:1      | Noticed a halfling
   160 | D:1      | Reached XP level 2. HP: 21/23 MP: 5/5
   779 | D:2      | Reached skill level 4 in Polearms
   781 | D:2      | Reached XP level 3. HP: 26/28 MP: 0/6
  1121 | D:2      | Reached skill level 5 in Polearms
  1121 | D:2      | Reached XP level 4. HP: 12/35 MP: 7/7
  2250 | D:2      | Reached XP level 5. HP: 41/41 MP: 9/9
  2820 | D:3      | Reached skill level 6 in Polearms
  3425 | D:3      | Reached XP level 6. HP: 46/48 MP: 5/10
  3515 | D:3      | Found a white marble altar of Elyvilon.
  3515 | D:3      | Found a shimmering blue altar of Sif Muna.
  3520 | D:3      | Found an ancient bone altar of Kikubaaqudgha.
  3912 | D:4      | Found a staircase to the Ecumenical Temple.
  3924 | D:4      | Reached skill level 7 in Polearms
  3928 | D:4      | Found an ornate altar of the Wu Jian Council.
  3946 | Temple   | Entered the Ecumenical Temple
  4151 | Temple   | Became a worshipper of Warmaster Okawaru
  4338 | D:4      | Reached * piety under Okawaru
  4338 | D:4      | Reached XP level 7. HP: 35/55 MP: 6/12
  4433 | D:4      | Reached skill level 8 in Polearms
  4531 | D:4      | Found a blossoming altar of Fedhas.
  5111 | D:5      | Entered Level 5 of the Dungeon
  5290 | D:5      | Noticed anet's ghost (novice GnWr)
  5291 | D:5      | Found a runed translucent door.
  5353 | D:5      | Noticed Prince Ribbit
  5873 | D:5      | Reached skill level 9 in Polearms
  6417 | D:5      | Killed Prince Ribbit
  6417 | D:5      | Reached skill level 5 in Fighting
  6417 | D:5      | Reached XP level 8. HP: 19/62 MP: 12/14
  7769 | D:6      | Reached skill level 10 in Polearms
  7769 | D:6      | Reached skill level 5 in Dodging
  8179 | D:6      | Reached ** piety under Okawaru
  8289 | D:6      | Identified the cursed +0 robe "Xiovuv" {Int+5}
  8819 | D:6      | Reached skill level 5 in Spellcasting
  8819 | D:6      | Reached XP level 9. HP: 19/69 MP: 16/16
  9141 | D:6      | Reached skill level 11 in Polearms
  9271 | D:6      | Found Cunkurph's Antique Weapon Shop.
 10562 | D:7      | Reached skill level 12 in Polearms
 10624 | D:7      | Found a basalt altar of Yredelemnul.
 10946 | D:7      | Found Paogedgh's Gadget Boutique.
 10979 | D:7      | Reached *** piety under Okawaru
 11391 | D:7      | Found a stormy altar of Qazlal.
 11800 | D:8      | Noticed a death yak
 11800 | D:8      | Noticed a death yak
 11830 | D:7      | Demolished by a death yak

Levels and vault maps discovered:
D:1:      kb_arrival_jail, layout_loops_ring
D:2:      layout_loops_ring, minmay_tromino_v2
D:3:      layout_basic, grunt_temple_overflow_open
D:4:      minmay_chambers_of_twos, layout_rooms, fedhas_ov_isle_minmay,
          overflow_temple_1_default, minmay_temple_entry_statues_fountains,
          first_ration
D:5:      layout_loops_ring, hellmonk_ghost_happy_afterlife, uniq_prince_ribbit1
D:6:      layout_loops_ring, serial_shops, shop
D:7:      layout_loops_ring, nicolae_qazlal_eye_of_the_storm, kennysheep_mini,
          serial_shops, shop
D:8:      layout_cave_pools, dpeg_lair_monsters
Temple:   nicolae_temple_figure_eight

Skill      XL: |  1  2  3  4  5  6  7  8  9 |
---------------+----------------------------+-----
Polearms       | 4 5 6 7 9 10 12 | 12.9
Fighting       | 3 4 5 6 7 |  7.3
Spellcasting   | 3 4 5 |  5.0
Dodging        | 3 4 5 7 |  7.7
Armour         | |  0.6
Charms         | |  3.2

Action                   |  1- 3 |  4- 6 |  7- 9 || total
-------------------------+-------+-------+-------++-------
Melee: Spear             |    69 |   325 |   436 ||   830
       Tailslap          |       |       |     1 ||     1
       Dagger            |       |       |   341 ||   341
       Punch             |       |       |     3 ||     3
Throw: Dart              |       |    30 |    52 ||    82
 Cast: Infusion          |     2 |     9 |    12 ||    23
Invok: Heroism           |       |       |    12 ||    12
Evoke: Wand              |       |       |     2 ||     2
  Use: Scroll            |       |    11 |     5 ||    16
       Potion            |       |     1 |     3 ||     4
 Stab: Invisible         |       |       |     7 ||     7
  Eat: Chunk             |     1 |    10 |    12 ||    23
       Ration            |       |       |     5 ||     5
Armor: Leather armour    |     4 |       |       ||     4
       Ring mail         |    12 |   100 |   191 ||   303
Dodge: Dodged            |    32 |   180 |   355 ||   567

Table legend:
 A = Non-vault XP
 B = Vault XP
 C = Vault XP percentage of total XP
 D = Non-vault monster count
 E = Vault monster count
 F = Vault count percentage of total count
                 A         B        C        D         E       F
            +---------+---------+-------+---------+---------+-------
      Total |    3970 |     484 |  10.9 |     155 |       7 |   4.3
            +---------+---------+-------+---------+---------+-------
        D:1 |      20 |       0 |   0.0 |      12 |       0 |   0.0
        D:2 |     159 |       5 |   3.0 |      32 |       1 |   3.0
        D:3 |     159 |       0 |   0.0 |      18 |       0 |   0.0
        D:4 |     371 |     205 |  35.6 |      14 |       5 |  26.3
        D:5 |     410 |     274 |  40.1 |      15 |       1 |   6.2
        D:6 |    1526 |       0 |   0.0 |      43 |       0 |   0.0
        D:7 |    1073 |       0 |   0.0 |      17 |       0 |   0.0
        D:8 |     252 |       0 |   0.0 |       4 |       0 |   0.0
            +---------+---------+-------+---------+---------+-------
